 Dungeon Crawl Stone Soup version 0.32-a0-791-gfc315c9ecd (webtiles) character file.

Game seed: 11849823059328651668

2574 zenocrate the Sneak (level 9, -1/61 HPs)
             Began as an Octopode Earth Elementalist on Mar 20, 2024.
             Slain by an orc wizard
             ... wielding a +0 dagger
              (4 damage)
             ... on level 7 of the Dungeon.
             The game lasted 00:10:43 (5970 turns).

zenocrate the Sneak (Octopode Earth Elementalist)   Turns: 5970, Time: 00:10:43

Health: -1/61      AC:  1    Str: 14    XL:     9   Next: 57%
Magic:  13/14      EV: 15    Int: 17    God:
Gold:   538        SH:  0    Dex: 16    Spells: 4/15 levels left

rFire   . . .        b - +3 dagger (elec)
rCold   . . .        (no shield)
rNeg    . . .        (helmet restricted)
rPois   .            v - amulet of the acrobat
rElec   .            s - +6 ring of strength
rCorr   .            (no ring)
SInv    .            (no ring)
Will    +....        (no ring)
Stlth   +++          (no ring)
HPRegen 0.30/turn    (no ring)
MPRegen 0.14/turn    (no ring)
                     (no ring)

%: acrobat
@: confused, mighty, brilliant, enlightened, flying, hasted, very quick
A: almost no armour, amphibious, 8 rings, camouflage 1, gelatinous body 1,
(nimble swimmer 1), tentacles
a: no special abilities


You were on level 7 of the Dungeon.
You visited 2 branches of the dungeon, and saw 10 of its levels.
You also visited: Sewer.

You collected 538 gold pieces.

Inventory:

Hand Weapons
 b - a +3 dagger of electrocution (weapon)
Jewellery
 g - a +6 ring of intelligence
 h - a ring of ice
 s - a +6 ring of strength (left tentacle)
 v - an amulet of the acrobat (around mantle)
Talismans
 y - a blade talisman
 z - a serpent talisman
Wands
 d - a wand of flame (23)
 r - a wand of paralysis (8)
Scrolls
 c - 5 scrolls of amnesia
 e - a scroll of torment
 i - a scroll of vulnerability
 j - a scroll of identify
Potions
 a - a potion of magic
 f - a potion of attraction
 m - 2 potions of resistance
 n - 3 potions of might
 o - a potion of mutation


   Skills:
 + Level 5.1 Fighting
 * Level 6.0 Dodging
 + Level 7.3 Stealth
 + Level 4.8 Unarmed Combat
 + Level 3.7 Spellcasting
 - Level 1.0 Conjurations
 + Level 3.3 Hexes
 - Level 3.0 Earth Magic
 + Level 4.4 Evocations
 + Level 2.1 Shapeshifting


You had 4 spell levels left.
You knew the following spells:

 Your Spells              Type           Power      Damage    Failure   Level
a - Stone Arrow           Conj/Erth      28%        3d8       22%         3
b - Petrify               Alch/Erth      12%        N/A       65%         4
c - Confusing Touch       Hex            21%        N/A       12%         3
d - Sandblast             Erth           40%        2d10      4%          1

Your spell library contained the following spells:

 Spells                   Type           Power      Damage    Failure   Level
 Slow                     Hex            84%        N/A       4%          1
 Sigil of Binding         Hex            21%        N/A       12%         3
 Passwall                 Erth           20%        N/A       14%         3
 Mercury Vapours          Alch/Air       8%         N/A       24%         2
 Mephitic Cloud           Conj/Alch/Air  6%         N/A       38%         3
 Vampiric Draining        Necr           4%         2d6       43%         3
 Brom's Barrelling Bould  Conj/Erth      14%        2d4       56%         4
 Freezing Cloud           Conj/Ice/Air   3%         6-21      98%         5
 Death Channel            Necr           2%         N/A       100%        6
 Sculpt Simulacrum        Ice/Alch       2%         N/A       100%        6


Dungeon Overview and Level Annotations

Branches:
Dungeon (9/15)             Temple (1/1) D:4           Sewer (visited)
   Lair: D:8-11         Orc: D:9-12

Altars:
Ashenzari
Cheibriados
Elyvilon
Fedhas
Kikubaaqudgha
Makhleb
Nemelex Xobeh
Okawaru
Qazlal
Ru
Sif Muna
Trog
Uskayaw
Vehumet
Wu Jian
Xom
Zin
The Shining One

Shops:
D:1 =

Annotations:
D:8 Grum


Innate Abilities, Weirdness & Mutations

You cannot wear most types of armour.
You are amphibious.
You can wear up to eight rings at the same time.
Your skin changes colour to match your surroundings (Stealth+).
Your rubbery body absorbs attacks. (AC +1, EV +1)
((You are camouflaged when in or above water. (Stealth+)))
You have tentacles for arms and can constrict up to eight enemies at once.


Message History

Okay, then.
Okay, then.
Okay, then.
Okay, then.
You feel very mighty all of a sudden.
You hear some strange, mumbled words.
You are confused.
Unknown command.
It was a potion of brilliance.
You feel clever all of a sudden.
The howler monkey hoots and howls with incredible vigour!
Something hits you.
* * * LOW HITPOINT WARNING * * *
Unknown command.
It was a potion of enlightenment.
You feel very buoyant.
You fly up into the air.
Something completely misses you.
Unknown command.
It was a potion of haste.
You feel yourself speed up.
The howler monkey hoots and howls with incredible vigour!
Something hits you.
* * * LOW HITPOINT WARNING * * *
Unknown command.
Unknown command.
You are too confused!
Unknown command.
Okay, then.
You bump into the rock wall.
Unknown command.
You barely miss something. Your squeeze misses something. Something hits you.
* * * LOW HITPOINT WARNING * * *
Unknown command.
You bump into the rock wall.
Unknown command.
You bump into the rock wall.
Something hits you.
* * * LOW HITPOINT WARNING * * *
The howler monkey hoots and howls with incredible vigour!
Unknown command.
You puncture something! Your squeeze misses something. Something hits you.
You die...

.####.#..# #..#
#.## .........#
#..# #..
..###....###..#
#.# .##
##........####.#
##
##).......h$..#
# #..####.####h#
#... ...# #.#
#.###########.#
#.. .......@.h#
..## ###########
##


You could see a howler monkey (catching breath).

Vanquished Creatures
  Prince Ribbit (D:7)
  2 orc warriors
  A sky beast (D:7)
  A black bear (D:7)
  A crocodile (Sewer)
  A wolf (D:8)
  2 ogres
  A centaur (D:8)
  2 phantoms
  2 kobold brigands (Sewer)
  A gnoll sergeant (D:8)
  A scorpion (D:4)
  6 wights (D:8)
  2 howler monkeys
  A hound (D:4)
  2 bombardier beetles
  A jelly (D:5)
  A gnoll bouda (D:5)
  A sleepcap (D:5)
  2 iguanas
  3 orc wizards
  19 gnolls
  9 adders
  2 river rats (Sewer)
  2 white imps (D:7)
  6 ribbon worms
  A dart slug (D:1)
  23 orcs
  5 bats
  3 endoplasms
  4 giant cockroaches
  37 goblins
  22 hobgoblins
  3 jackals (D:1)
  17 kobolds
  3 quokkas
  6 ball pythons
  2 frilled lizards
  4 rats
203 creatures vanquished.

Vanquished Creatures (others)
  A wolf (D:8)
1 creature vanquished.

Grand Total: 204 creatures vanquished

Notes
Turn   | Place    | Note
-------+----------+-------------------------------------------
     0 | D:1      | zenocrate the Octopode Earth Elementalist began the quest
                  | for the Orb.
     0 | D:1      | Reached XP level 1. HP: 11/11 MP: 3/3
    23 | D:1      | Found Iloawn's Jewellery Boutique.
   209 | D:1      | Reached skill level 3 in Stealth
   258 | D:1      | Reached XP level 2. HP: 18/18 MP: 5/5
   336 | D:1      | Reached skill level 1 in Fighting
   342 | D:1      | Reached skill level 1 in Unarmed Combat
   355 | D:1      | Reached XP level 3. HP: 22/23 MP: 4/6
   727 | D:1      | Learned a level 3 spell: Stone Arrow
  1166 | D:2      | Reached XP level 4. HP: 27/29 MP: 7/7
  1711 | D:3      | Found a glowing drain.
  1727 | Sewer    | Entered a sewer
  1811 | Sewer    | Noticed a kobold brigand
  1814 | Sewer    | Noticed a kobold brigand
  1819 | Sewer    | Killed a kobold brigand
  1820 | Sewer    | Reached skill level 4 in Stealth
  1820 | Sewer    | Reached skill level 1 in Evocations
  1820 | Sewer    | Reached XP level 5. HP: 21/35 MP: 5/8
  1826 | Sewer    | Killed a kobold brigand
  1827 | Sewer    | Reached XP level 6. HP: 16/42 MP: 6/9
  2267 | D:3      | Found a blossoming altar of Fedhas.
  2309 | D:3      | Found a stormy altar of Qazlal.
  2331 | D:3      | Reached skill level 5 in Stealth
  2334 | D:3      | Reached XP level 7. HP: 45/47 MP: 1/10
  2584 | D:3      | Learned a level 3 spell: Confusing Touch
  3123 | D:4      | Found a staircase to the Ecumenical Temple.
  3168 | Temple   | Entered the Ecumenical Temple
  3321 | D:4      | Found a glowing golden altar of the Shining One.
  3419 | D:4      | Reached skill level 1 in Hexes
  3564 | D:5      | Entered Level 5 of the Dungeon
  3735 | D:5      | Reached XP level 8. HP: 39/54 MP: 4/11
  3824 | D:5      | Found a bloodstained altar of Trog.
  3839 | D:5      | Found an iron altar of Okawaru.
  3918 | D:5      | Learned a level 4 spell: Petrify
  4114 | D:5      | Reached skill level 6 in Stealth
  5090 | D:6      | Found a broken altar of Ashenzari.
  5091 | D:6      | You fall into a shaft and drop 3 floors!
  5150 | D:7      | Reached skill level 5 in Dodging
  5331 | D:7      | Reached skill level 1 in Shapeshifting
  5450 | D:8      | Reached XP level 9. HP: 25/59 MP: 3/13
  5488 | D:8      | Noticed Grum
  5770 | D:8      | Reached skill level 7 in Stealth
  5783 | D:7      | Reached skill level 5 in Fighting
  5853 | D:7      | Noticed Prince Ribbit
  5886 | D:7      | Killed Prince Ribbit
  5967 | D:7      | HP: 3/61 [something (4)]
  5970 | D:7      | Slain by an orc wizard

Illustrated notes

Levels and vault maps discovered:
D:1:      roderic_dead_forest, layout_basic, serial_shops, shop
D:2:      layout_loops_corners
D:3:      layout_loops_ring, mainiacjoe_overflow_cross_hatched,
          nicolae_qazlal_scattered_showers, cheibrodos_sewer_entry_drain
D:4:      wander_river, layout_basic, nicolae_overflow_hidden_temple,
          minmay_temple_entry_trees
D:5:      minmay_goblin_kobold_castle, layout_cave_pools, okawaru_gym_becter,
          bloody_trog, nicolae_elevator_lobby_plus
D:6:      layout_loops_ring, lemuel_round_altar, kennysheep_mini_moat,
          uniq_jeremiah, uniq_edmund
D:7:      layout_loops_ring, minmay_misc_feat_tiny, uniq_prince_ribbit1
D:8:      layout_cave_pools, enter_bailey_4, kennysheep_small_square, uniq_grum
D:9:      layout_rooms, grunt_dithmenos_shadows, dk_yredelemnul_ordeal,
          nicolae_gozag_cash_rules_everything_around_me, serial_shops,
          nicolae_shop_dealshenge
Temple:   chequers_temple_sunken

Skill      XL: |  1  2  3  4  5  6  7  8  9 |
---------------+----------------------------+-----
Stealth        | 3 4 5 6 7 |  7.3
Fighting       | 1 2 3 4 5 |  5.1
Unarmed Combat | 1 2 3 4 |  4.8
Evocations     | 1 2 3 4 |  4.4
Dodging        | 3 4 5 6 |  6.0
Hexes          | 1 2 3 |  3.3
Spellcasting   | 3 |  3.7
Shapeshifting  | 1 2 |  2.1
Conjurations   | |  1.0
Earth Magic    | |  3.0

Action                     |  1- 3 |  4- 6 |  7- 9 || total
---------------------------+-------+-------+-------++-------
  Melee: Unarmed           |    27 |       |       ||    27
         Constrict         |    22 |    21 |    62 ||   105
         Tentacles         |    13 |    16 |    53 ||    82
         Dagger            |    19 |    74 |   223 ||   316
   Cast: Sandblast         |     3 |     2 |     5 ||    10
         Stone Arrow       |     1 |     3 |    32 ||    36
  Evoke: Wand              |       |       |     7 ||     7
    Use: Scroll            |       |     5 |    12 ||    17
         Potion            |       |     2 |     8 ||    10
   Stab: Sleeping          |     7 |     6 |    10 ||    23
         Distracted        |       |     1 |       ||     1
         Paralysed         |       |       |     5 ||     5
 Armour: Skin              |    16 |    32 |   106 ||   154
  Dodge: Dodged            |    22 |    47 |   179 ||   248

Table legend: (Time is in decaauts)
 A = Elapsed time spent in this place.
 B = Non-inter-level travel time spent in this place.
 C = Inter-level travel time spent in this place.
 D = Time resting spent in this place.
 E = Time spent auto-exploring this place.
 F = Levels seen in this place.
 G = Mean time per level.
                   A        B        C        D        E       F      G
               +--------+--------+--------+--------+--------+-----+--------+
         Total |   5970 |   5830 |    140 |     19 |   4496 |  11 |  542.7 |
       Dungeon |   5454 |   5314 |    140 |     19 |   4141 |   9 |  606.0 |
        Temple |     33 |     33 |      0 |      0 |     32 |   1 |   33.0 |
         Sewer |    481 |    481 |      0 |      0 |    323 |   1 |  481.0 |
               +--------+--------+--------+--------+--------+-----+--------+

Top non-repeatable levels by time:
     D:5: 1408 daAuts
     D:2: 943 daAuts
     D:3: 780 daAuts
     D:1: 728 daAuts
     D:4: 597 daAuts
   Sewer: 481 daAuts
     D:7: 446 daAuts
     D:8: 406 daAuts
     D:6: 118 daAuts
  Temple: 33 daAuts
     D:9: 23 daAuts
